 Dungeon Crawl Stone Soup version 0.30.0-29-ga12c61a403 (webtiles) character file.

Game seed: 1108471129745692358

35 BONEBRO the Grave Robber (level 3, 0/28 HPs)
             Began as a Ghoul Necromancer on June 23, 2023.
             Slain by a jackal (1 damage)
             ... on level 2 of the Dungeon.
             The game lasted 00:04:27 (1156 turns).

BONEBRO the Grave Robber (Ghoul Necromancer)        Turns: 1156, Time: 00:04:27

Health: 0/28       AC:  2    Str: 11    XL:     3   Next: 33%
Magic:  0/5        EV: 12    Int: 12    God:
Gold:   95         SH:  0    Dex:  9    Spells: 5/6 levels left

rFire   . . .        e - +0 dagger
rCold   + . .        (no shield)
rNeg    + + +        a - +0 robe
rPois   ∞            (no helmet)
rElec   .            (no cloak)
rCorr   .            (no gloves)
SInv    .            (no boots)
Will    .....        (no amulet)
Stlth   ++           (no ring)
HPRegen 0.00/turn    (no ring)
MPRegen 0.09/turn

%: no passive effects
@: inhibited regen
A: claws 1, cold resistance 1, negative energy resistance 3, inhibited
regeneration, torment resistance 2, devour on kill
a: no special abilities


You were on level 2 of the Dungeon.
You visited 1 branch of the dungeon, and saw 2 of its levels.

You collected 95 gold pieces.

Inventory:

Hand Weapons
 e - a +0 dagger (weapon)
Armour
 a - a +0 robe (worn)
Jewellery
 f - an amulet of faith
Wands
 h - a wand of light (8)
Scrolls
 b - a scroll of poison {unknown}
 c - 2 scrolls of identify {unknown}
 d - 2 scrolls of blinking {unknown}
 g - a scroll of brand weapon {unknown}
 i - a scroll of torment {unknown}


   Skills:
 * Level 1.0 Fighting
 - Level 1.7 Dodging
 + Level 2.4 Stealth
 - Level 2.0 Spellcasting
 + Level 4.7 Necromancy


You had 5 spell levels left.
You knew the following spells:

 Your Spells              Type           Power      Damage    Failure   Level
a - Necrotise             Necr           48%        1d6       4%          1

Your spell library contained the following spells:

 Spells                   Type           Power      Damage    Failure   Level
 Vampiric Draining        Necr           12%        2d6       12%         3
 Animate Dead             Necr           12%        N/A       36%         4
 Agony                    Necr           12%        N/A       73%         5


Dungeon Overview and Level Annotations

Branches:
Dungeon (2/15)

Altars:


Innate Abilities, Weirdness & Mutations

You are immune to poison.
You have sharp fingernails.
Your flesh is cold resistant. (rC+)
You are immune to negative energy. (rN+++)
You do not regenerate when monsters are visible.
You are immune to unholy pain and torment.
You thrive by killing the living.


Message History

Casting: Necrotise (safe; 4% risk of failure)
Confirm with . or Enter, or press ? or * to list all spells.
Aiming: Necrotise (safe; 4% risk of failure)
Press: ? - help, Shift-Dir - straight line, f/p - jackal
Aim: a jackal (severely wounded, chance to affect: 81%)
The jackal writhes in agony.
The jackal completely misses you. The jackal barely misses you.
The jackal closely misses you. The jackal bites you.
* * * LOW HITPOINT WARNING * * *
The jackal attacks as you move away! The jackal closely misses you.
The jackal barely misses you.
You barely miss the jackal.
The jackal is lightly wounded.
The jackal barely misses you.
You hit the jackal.
The jackal is moderately wounded.
The jackal bites you.
* * * LOW HITPOINT WARNING * * *
The jackal barely misses you.
You miss the jackal.
The jackal is moderately wounded.
The jackal misses you.
You miss the jackal.
The jackal is moderately wounded.
The jackal bites you but does no damage.
You hit the jackal but do no damage.
The jackal is moderately wounded.
The jackal bites you.
* * * LOW HITPOINT WARNING * * *
The jackal closely misses you.
You closely miss the jackal.
The jackal is moderately wounded.
The jackal barely misses you.
Casting: Necrotise (safe; 4% risk of failure)
Confirm with . or Enter, or press ? or * to list all spells.
Aiming: Necrotise (safe; 4% risk of failure)
Press: ? - help, Shift-Dir - straight line, f - jackal, p - jackal
Aim: a jackal (moderately wounded, chance to affect: 81%)
The jackal writhes in agony.
The jackal bites you.
You die...

#.....#
#.#....>#.#...##
###.....####.#.....#.#
#.#
......................
.
###.....####.#...>.#...
#.....####..#.#.......
#.......# #.#.###......
#....##.## # .......
##### #..# ##....#.#
##@# ...#. #h##


rhh# #hh# #.. .......#h# #.. ####.......# # #........# .g.... ####....... ......
##........ ...... ##....... ...... You could see 4 jackals.

Vanquished Creatures
  An adder (D:2)
  2 dart slugs (D:1)
  A ball python (D:1)
  2 goblins
  A hobgoblin (D:1)
  5 jackals
  2 quokkas (D:1)
  4 kobolds
  2 rats (D:1)
20 creatures vanquished.

Vanquished Creatures (collateral kills)
  A jackal (D:1)
1 creature vanquished.

Grand Total: 21 creatures vanquished

Notes
Turn   | Place    | Note
-------+----------+-------------------------------------------
     0 | D:1      | BONEBRO the Ghoul Necromancer began the quest for the Orb.
     0 | D:1      | Reached XP level 1. HP: 14/14 MP: 2/2
   197 | D:1      | Reached XP level 2. HP: 20/20 MP: 1/3
  1020 | D:2      | Reached XP level 3. HP: 27/27 MP: 0/5
  1135 | D:2      | Reached skill level 1 in Fighting
  1154 | D:2      | HP: 1/28 [jackal (2)]
  1156 | D:2      | Slain by a jackal

Illustrated notes

Levels and vault maps discovered:
D:1:      dpeg_arrival_shrine, layout_loops_cross
D:2:      layout_rooms, chequers_mini_garden

Skill      XL: |  1  2  3 |
---------------+----------+-----
Spellcasting   | 2 |  2.0
Fighting       | 1 |  1.0
Dodging        | |  1.7
Stealth        | |  2.4
Necromancy     | |  4.7

Action                     || total
---------------------------++-------
  Melee: Unarmed           ||     7
         Dagger            ||    46
   Cast: Necrotise         ||    38
    Use: Potion            ||     1
 Armour: Robe              ||    16
  Dodge: Dodged            ||    67
